 Dungeon Crawl Stone Soup version 0.20-a0-923-g548304e (webtiles) character file.

107 volk64 the Slasher (level 4, -2/34 HPs)
             Began as a Demonspawn Gladiator on Mar 26, 2017.
             Slain by Purgy (3 damage)
             ... in a sewer.
             The game lasted 00:03:08 (1453 turns).

volk64 the Slasher (Demonspawn Gladiator)           Turns: 1453, Time: 00:03:09

Health: -2/34      AC:  5    Str: 14    XL:     4   Next: 57%
Magic:  4/4        EV: 13    Int:  9    God:
Gold:   80         SH:  0    Dex: 16    Spells: 3/3 levels left

rFire    . . .     SeeInvis .   a - +0 long sword
rCold    . . .     Gourm    .   (no shield)
rNeg     . . .     Faith    .   b - +0 leather armour
rPois    .         Spirit   .   (helmet restricted)
rElec    .         Reflect  .   (no cloak)
rCorr    .         Harm     .   (no gloves)
MR       .....                  (no boots)
Stlth    +.........             (no amulet)
Regen    0.2/turn               (no ring)
MPRegen  0.1/turn               (no ring)

@: no status effects
A: antennae 1, slimy green scales 1
a: no special abilities


You were in a sewer.
You were not hungry.

You visited 1 branch of the dungeon, and saw 3 of its levels.
You also visited: Sewer.

You collected 80 gold pieces.

Inventory:

Hand Weapons
 a - a +0 long sword (weapon)
Missiles
 d - 3 throwing nets (quivered)
Armour
 b - a +0 leather armour (worn)
 c - a +0 helmet
Jewellery
 l - an uncursed amulet of the gourmand {unknown}
Scrolls
 e - a scroll of magic mapping {unknown}
 j - a scroll of identify {unknown}
 n - a scroll of fog {unknown}
 p - a scroll of recharging {unknown}
Potions
 k - 2 potions of haste {unknown}
Books
 o - a book of Clouds

   Spells                             Type                      Level
   a - Poisonous Vapours              Poison/Air                   2
   b - Mephitic Cloud                 Conjuration/Poison/Air       3
   c - Conjure Flame                  Conjuration/Fire             3
   d - Freezing Cloud                 Conjuration/Ice/Air          6
   e - Ring of Flames                 Charms/Fire                  7
Comestibles
 f - 2 bread rations
 g - 2 fruits
 h - 2 royal jellies
 i - a meat ration
 m - 9 chunks of flesh


   Skills:
 + Level 2.5 Fighting
 + Level 4.0 Long Blades
 + Level 1.9 Throwing
 + Level 0.5 Armour
 + Level 3.3 Dodging


You had 3 spell levels left.
You didn't know any spells.

Dungeon Overview and Level Annotations

Branches:
Dungeon (3/15)

Altars:
Ashenzari
Okawaru

Annotations:
Sewer Purgy


Innate Abilities, Weirdness & Mutations

You have a pair of small antennae on your head.
You are partially covered in slimy green scales. (AC +2)


Message History

You are too injured to fight recklessly!
You are too injured to fight recklessly!
You are too injured to fight recklessly!
You are too injured to fight recklessly!
You closely miss Purgy.
Purgy is heavily wounded.
Purgy bites you!
* * * LOW HITPOINT WARNING * * *
Purgy closely misses you. x2
You closely miss Purgy.
Purgy is heavily wounded.
Purgy completely misses you. x2; Purgy barely misses you.
You miss Purgy.
Purgy is moderately wounded.
Purgy completely misses you. Purgy barely misses you. x2
Purgy clenches his claws.
Purgy bites you!
* * * LOW HITPOINT WARNING * * *
Purgy claws you.
You die...

≈≈≈≈≈≈≈≈.#
#≈≈≈≈≈≈≈.##
#≈≈≈≈≈≈≈≈.# ≈#
#≈≈≈≈≈≈≈≈≈## .#
#≈≈≈≈≈≈≈≈≈.# ≈#
≈≈≈≈≈≈≈≈≈≈≈## .#
≈≈≈≈≈≈≈≈≈≈.# .#
≈≈≈≈≈≈≈≈≈≈≈#####≈#
#≈#≈≈≈≈≈≈≈≈≈##@#≈#.#
##≈≈≈≈≈≈≈≈≈.≈T≈≈≈#
##≈≈≈≈≈≈≈≈≈≈≈≈≈≈.≈≈≈
#≈≈≈≈≈≈≈≈≈≈≈≈≈≈≈≈≈≈
###≈≈≈≈≈≈≈≈≈≈≈≈≈≈≈≈
##≈≈≈≈≈≈≈≈≈≈≈≈≈≈≈
#≈≈≈≈≈≈≈≈≈≈≈≈≈≈≈
##≈≈≈≈≈≈≈≈≈≈≈≈≈≈
##≈≈≈≈≈≈≈≈≈≈≈≈≈


You could see Purgy.

Vanquished Creatures
  2 river rats (D:3)
  3 adders (D:2)
  An ooze (D:1)
  3 worms
  A dart slug (D:2)
  A leopard gecko (D:3)
  3 ball pythons (Sewer)
  4 giant cockroaches
  4 goblins
  3 hobgoblins
  2 jackals (D:1)
  5 kobolds
  A quokka (D:2)
  7 bats
  4 frilled lizards
  6 rats
50 creatures vanquished.

Notes
Turn   | Place    | Note
-------+----------+-------------------------------------------
     0 | D:1      | volk64 the Demonspawn Gladiator began the quest for the Orb.
     0 | D:1      | Reached XP level 1. HP: 16/16 MP: 1/1
   217 | D:1      | Reached skill level 3 in Long Blades
   217 | D:1      | Gained mutation: You are partially covered in slimy green scales. (AC +2) [demonic ancestry]
   217 | D:1      | Reached XP level 2. HP: 20/22 MP: 2/2
   604 | D:2      | Reached XP level 3. HP: 21/27 MP: 3/3
   682 | D:2      | Found an iron altar of Okawaru.
   912 | D:2      | Found a shattered altar of Ashenzari.
  1258 | D:2      | Gained mutation: You have a pair of small antennae on your head. [demonic ancestry]
  1258 | D:2      | Reached XP level 4. HP: 34/34 MP: 4/4
  1379 | D:3      | Found a glowing drain.
  1382 | D:3      | Reached skill level 4 in Long Blades
  1394 | Sewer    | Entered a sewer
  1444 | Sewer    | Noticed Purgy
  1453 | Sewer    | HP: 1/34 [Purgy (8)]
  1453 | Sewer    | Slain by Purgy

Vault maps used:
D:1:      kennysheep_arrival_forest
D:2:      okawaru_gym_becter, serial_curves, eino_curves_04, eino_curves_02,
          ashenzari_altar_1
D:3:      nemelex_xobeh_ov_fountains_minmay, first_bread,
          gup_sewer_entry_bubbles, kennysheep_boxes
Sewer:    sewer_co_purgy_island

Skill      XL: |  1  2  3  4 |
---------------+-------------+-----
Long Blades    | 3 4 |  4.0
Dodging        | 3 |  3.3
Fighting       | |  2.5
Throwing       | |  1.9
Armour         | |  0.5

Action                   |  1- 3 |  4- 6 || total
-------------------------+-------+-------++-------
Melee: Long sword        |   100 |    50 ||   150
  Eat: Chunk             |       |     2 ||     2
Armor: Leather armour    |    40 |    15 ||    55
Dodge: Dodged            |    99 |    40 ||   139
       Rpst.: Long sword |    33 |     7 ||    40
